 Dungeon Crawl Stone Soup version 0.28-a0-706-gf6f64a616a (webtiles) character file.

Game seed: 2615213693695595047

729 marklar909 the Chopper (level 7, -6/57 HPs)
             Began as a Palentonga Fighter on Oct 25, 2021.
             Was an Initiate of Makhleb.
             Killed from afar by a gargoyle (17 damage)
             ... with a stone arrow
             ... on level 6 of the Dungeon.
             The game lasted 00:07:26 (7240 turns).

marklar909 the Chopper (Palentonga Fighter)         Turns: 7240, Time: 00:07:27

Health: -6/57      AC: 13    Str: 20    XL:     7   Next: 44%
Magic:  8/8        EV:  9    Int:  9    God:    Makhleb [......]
Gold:   103        SH:  5    Dex: 10    Spells: 6/6 levels left

rFire   . . .      SeeInvis +   a - +0 war axe
rCold   + . .      Faith    .   c - +1 buckler
rNeg    . . .      Spirit   .   f - +1 leather armour {rC+}
rPois   .          Reflect  .   (no helmet)
rElec   .          Harm     .   (no cloak)
rCorr   .          Rampage  .   (no gloves)
Will    .....                   (no barding)
Stlth   +.........              (no amulet)
HPRegen 0.19/turn               (no ring)
MPRegen 0.11/turn               (no ring)

@: about to teleport, studying Stealth, curled up
A: large, rugged brown scales 3, see invisible, deformed body, roll 1, armoured
tail, reflexive curl
a: Rolling Charge, Renounce Religion


You were on level 6 of the Dungeon.
You worshipped Makhleb.
Makhleb was noncommittal.
You visited 1 branch of the dungeon, and saw 6 of its levels.

You collected 151 gold pieces.
You spent 48 gold pieces at shops.

Inventory:

Hand Weapons
 a - a +0 war axe (weapon)
Armour
 c - a +1 buckler (worn)
 f - a +1 leather armour of cold resistance (worn)
Jewellery
 p - a +6 ring of dexterity
Wands
 s - a wand of digging (3)
Scrolls
 g - 2 scrolls of enchant armour
 h - a scroll of identify
 m - a scroll of summoning {unknown}
Potions
 b - 2 potions of curing
 d - 2 potions of magic {unknown}
 e - 2 potions of flight
 i - a potion of brilliance {unknown}
 k - a potion of cancellation {unknown}
 l - 2 potions of resistance {unknown}
 n - a potion of heal wounds {unknown}
 o - a potion of haste {unknown}
 q - a potion of degeneration {unknown}
 r - a potion of attraction {unknown}


   Skills:
 * Level 4.3 Fighting
 + Level 5.4 Axes
 * Level 3.7 Armour
 + Level 2.0 Dodging
 + Level 0.4 Stealth
 + Level 3.1 Shields
 * Level 2.0 Invocations


You had 6 spell levels left.
You didn't know any spells.
Your spell library contained the following spells:

 Spells                   Type           Power      Damage    Failure   Level
 Animate Skeleton         Necr           0%         N/A       43%         1
 Apportation              Tloc           0%         N/A       43%         1
 Freeze                   Ice            0%         1d3       43%         1
 Summon Small Mammal      Summ           0%         N/A       43%         1
 Ensorcelled Hibernation  Hex/Ice        0%         N/A       56%         2
 Frozen Ramparts          Ice            0%         1d2       80%         3
 Tukima's Dance           Hex            0%         N/A       80%         3
 Hailstorm                Conj/Ice       0%         3d3       99%         4
 Summon Ice Beast         Ice/Summ       0%         N/A       99%         4
 Summon Mana Viper        Hex/Summ       0%         N/A       100%        5
 Monstrous Menagerie      Summ           0%         N/A       100%        7


Dungeon Overview and Level Annotations

Branches:
Dungeon (6/15)             Temple (0/1) D:5

Altars:
Gozag
Kikubaaqudgha
Makhleb
Okawaru
Qazlal
Sif Muna
Zin

Shops:
D:2 !   D:4 *

Annotations:
D:4 2 runed translucent doors, insectpublic's ghost, weakling HuBe


Innate Abilities, Weirdness & Mutations

You are completely covered in rugged brown scales. (AC +3, +7% HP)
You have supernaturally acute eyesight. (SInv)
Armour fits poorly on your strangely shaped body.
You can roll at nearby foes to attack.
You have a long armoured tail.
You curl defensively after being hit.


Message History

You block the hound's attack. The killer bee stings you.
* * * LOW HITPOINT WARNING * * *
A bullfrog zombie comes into view.
The hound barely misses you.
Your surroundings suddenly seem different.
Found a manual of Stealth.
You pick up a manual of Stealth and begin studying.
The sentinel's mark upon you fades away.
A bullfrog zombie is nearby!
Found a ring mail.
You start resting.
A bullfrog zombie is nearby!
The bullfrog zombie hits you.
* * * LOW HITPOINT WARNING * * *
You hit the bullfrog zombie.
The bullfrog zombie is lightly damaged.
The bullfrog zombie closely misses you. x2
You hit the bullfrog zombie. You tail-slap the bullfrog zombie!
The bullfrog zombie is severely damaged.
The bullfrog zombie hits you.
* * * LOW HITPOINT WARNING * * *
You hit the bullfrog zombie. You tail-slap the bullfrog zombie.
The bullfrog zombie is almost destroyed.
The bullfrog zombie barely misses you. The bullfrog zombie hits you.
* * * LOW HITPOINT WARNING * * *
You barely miss the bullfrog zombie.
The bullfrog zombie is almost destroyed.
The bullfrog zombie closely misses you. The bullfrog zombie barely misses you.
Okay, then.
As you read the scroll of teleportation, it crumbles to dust.
You feel strangely unstable. The bullfrog zombie hits you.
* * * LOW HITPOINT WARNING * * *
The killer bee buzzes angrily.
Found a shiny silver wand and 14 gold pieces.
Your surroundings suddenly seem different.
As you read the scroll of teleportation, it crumbles to dust.
You feel strangely unstable.
The gargoyle hurls a stone arrow at you.
The stone arrow hits you!
You die...

.....#.......##..........#...#...
.....#...>...##...........###.###
.....##......##..................
#.........#####...........######.
#.......### #.......y......Zy..
#.......# #....9......#######
#......## #...../.... #........
#.....$.... ###+######
#.@.####### ##..# ...# ....#
######


You could see a gargoyle and a killer bee.

Vanquished Creatures
  2 ogres
  A centaur (D:6)
  A scorpion (D:3)
  A centaur zombie (D:5)
  A hound (D:4)
  2 centaur skeletons
  Natasha (thrice) (D:1)
  An iguana (D:3)
  An orc wizard (D:4)
  A killer bee zombie (D:6)
  4 adders
  3 gnolls
  A white imp (D:5)
  An ufetubus (D:5)
  2 adder skeletons (D:4)
  2 worms
  5 orcs
  2 ball pythons
  7 endoplasms
  4 giant cockroaches
  8 goblins
  5 hobgoblins
  4 jackals (D:1)
  5 quokkas
  7 bats
  8 frilled lizards
  8 kobolds
  A rat (D:3)
91 creatures vanquished.

Notes
Turn   | Place    | Note
-------+----------+-------------------------------------------
     0 | D:1      | marklar909 the Palentonga Fighter began the quest for the
                  | Orb.
     0 | D:1      | Reached XP level 1. HP: 19/19 MP: 1/1
     7 | D:1      | Found a faded altar of an unknown god.
   348 | D:1      | Reached XP level 2. HP: 25/25 MP: 2/2
  1098 | D:2      | Found Ofeuheps's Distillery.
  1123 | D:2      | Reached XP level 3. HP: 29/31 MP: 3/3
  1781 | D:2      | Noticed Natasha
  1827 | D:1      | Killed Natasha
  1828 | D:1      | Reached skill level 3 in Axes
  1828 | D:1      | Reached XP level 4. HP: 3/37 MP: 4/4
  2774 | D:1      | Noticed Natasha
  2785 | D:1      | Killed Natasha
  3103 | D:1      | Noticed Natasha
  3109 | D:1      | Killed Natasha
  3347 | D:3      | Reached XP level 5. HP: 43/43 MP: 5/5
  3347 | D:3      | Found a burning altar of Makhleb.
  3373 | D:3      | Became a worshipper of Makhleb the Destroyer
  3525 | D:3      | Reached skill level 1 in Dodging
  3526 | D:3      | Reached skill level 4 in Axes
  3721 | D:3      | Found an opulent altar of Gozag.
  3732 | D:3      | Found a glowing silver altar of Zin.
  4108 | D:3      | Found an ancient bone altar of Kikubaaqudgha.
  4382 | D:4      | Reached XP level 6. HP: 48/51 MP: 6/6
  4507 | D:4      | Found an iron altar of Okawaru.
  4893 | D:4      | Found a large runed translucent door.
  4894 | D:4      | Found a large runed translucent door.
  4895 | D:4      | Noticed insectpublic's ghost (weakling HuBe)
  4916 | D:4      | Found Hiasyo's Assorted Antiques.
  4931 | D:4      | Bought 2 fuming blue potions for 48 gold pieces
  4948 | D:4      | Reached * piety under Makhleb
  5146 | D:5      | Entered Level 5 of the Dungeon
  5146 | D:5      | Noticed a troll
  5151 | D:5      | HP: 2/51 [troll (5)]
  5486 | D:5      | Found a staircase to the Ecumenical Temple.
  5746 | D:4      | Reached skill level 1 in Invocations
  5834 | D:5      | Reached skill level 5 in Axes
  5834 | D:5      | Gained mutation: You curl defensively after being hit.
                  | [Palentonga growth]
  5834 | D:5      | Reached XP level 7. HP: 31/57 MP: 6/8
  6494 | D:5      | Found a shimmering blue altar of Sif Muna.
  7169 | D:6      | Found a stormy altar of Qazlal.
  7188 | D:6      | Noticed a gargoyle
  7210 | D:6      | Noticed a steam dragon
  7240 | D:6      | Killed from afar by a gargoyle

Illustrated notes

Levels and vault maps discovered:
D:1:      dpeg_arrival_tiny_d, layout_basic,
          shapermc_ecumenical_altar_starsandcircs, minmay_misc_feat_tower
D:2:      layout_basic, serial_shops, shop, uniq_natasha
D:3:      layout_basic, mainiacjoe_overflow_catwalk,
          mainiacjoe_overflow_concentric_impassable,
          mainiacjoe_overflow_surrounded_room, mainiacjoe_overflow_alcove_1
D:4:      layout_rooms, okawaru_trees_2, serial_shops,
          nicolae_shop_window_shopping, ebering_ghost_disaster_area,
          minivault_11
D:5:      layout_rooms, general_overflow_altar, minmay_temple_entry_mist,
          minmay_puff
D:6:      cheibrodos_helix_gallery, layout_basic, grunt_qazlal_sundering,
          nemelex_spade_bored_becter, minmay_manual_mail, uniq_prince_ribbit1

Skill      XL: |  1  2  3  4  5  6  7 |
---------------+----------------------+-----
Axes           | 3 4 5 |  5.4
Armour         | 3 |  3.7
Shields        | 3 |  3.1
Dodging        | 1 2 |  2.0
Invocations    | 1 2 |  2.0
Fighting       | 4 |  4.3
Stealth        | |  0.4

Action                   |  1- 3 |  4- 6 |  7- 9 || total
-------------------------+-------+-------+-------++-------
Melee: War axe           |   101 |   148 |    54 ||   303
       Tailslap          |    10 |    21 |    10 ||    41
 Abil: Rolling Charge    |       |     4 |     2 ||     6
  Use: Scroll            |     1 |     8 |     4 ||    13
       Potion            |     1 |       |       ||     1
Armor: Scale mail        |    42 |       |       ||    42
       Leather armour    |    16 |    37 |    34 ||    87
Dodge: Dodged            |    57 |    78 |    51 ||   186
Block: Buckler           |    26 |    38 |    27 ||    91

Table legend: (Time is in decaauts)
 A = Elapsed time spent in this place.
 B = Non-inter-level travel time spent in this place.
 C = Inter-level travel time spent in this place.
 D = Time resting spent in this place.
 E = Time spent auto-exploring this place.
 F = Levels seen in this place.
 G = Mean time per level.
                   A        B        C        D        E       F      G
               +--------+--------+--------+--------+--------+-----+--------+
         Total |   7346 |   6747 |    599 |   1820 |   3960 |   6 | 1224.3 |
       Dungeon |   7346 |   6747 |    599 |   1820 |   3960 |   6 | 1224.3 |
               +--------+--------+--------+--------+--------+-----+--------+

Top non-repeatable levels by time:
     D:1: 1911 daAuts
     D:4: 1487 daAuts
     D:2: 1423 daAuts
     D:3: 1105 daAuts
     D:5: 1014 daAuts
     D:6: 405 daAuts
